 Dungeon Crawl Stone Soup version 0.18.1-47-g9310371 (webtiles) character file.

223 mkm the Ducker (level 5, -6/52 HPs)
             Began as a Troll Fighter on June 16, 2016.
             Was an Initiate of Makhleb.
             Mangled by a gnoll
             ... wielding a +0 halberd of distortion
              (15 damage)
             ... on level 3 of the Dungeon.
             The game lasted 00:12:27 (2444 turns).

mkm the Ducker (Troll Fighter)                      Turns: 2444, Time: 00:12:28

Health: -6/52      AC:  7    Str: 22 (25) XL:     5   Next: 66%
Magic:  4/4        EV:  8    Int:  7 (9)  God:    Makhleb [......]
Gold:   109        SH:  8    Dex:  6 (9)  Spells: 0 memorised, 4 levels left

rFire  . . .     SeeInvis .     a - +0 war axe
rCold  . . .     Gourm    +     b - +0 robe
rNeg   . . .     Faith    .     c - +0 shield
rPois  .         Spirit   .     (helmet restricted)
rElec  .         Dismiss  .     j - +1 cloak
rCorr  .         Reflect  .     (gloves unavailable)
SustAt .         Harm     .     (boots unavailable)
MR     .....                    (no amulet)
Stlth  +.........               (no ring)
                                (no ring)

@: brilliant, not resistant to hostile enchantments, very unstealthy
A: unfitting armour, claws 3, fast metabolism 3, gourmand, regeneration 2,
shaggy fur 1, tough skin 2
a: Renounce Religion


You were on level 3 of the Dungeon.
You worshipped Makhleb.
Makhleb was noncommittal.
You were very full.

You visited 1 branch of the dungeon, and saw 3 of its levels.

You collected 109 gold pieces.

Inventory:

Hand Weapons
 a - a +0 war axe (weapon)
 r - a +0 falchion
Armour
 b - a +0 robe (worn)
 c - a +0 shield (worn)
 j - a +1 cloak (worn)
Scrolls
 h - 2 scrolls of identify
 m - 2 scrolls of fog
Comestibles
 f - 2 bread rations
 k - 2 royal jellies
 p - 2 fruits
 s - a meat ration


   Skills:
 + Level 2.8 Fighting
 + Level 2.3 Axes
 + Level 3.9 Dodging
 + Level 0.3 Stealth
 + Level 3.5 Shields


You had 4 spell levels left.
You didn't know any spells.

Dungeon Overview and Level Annotations

Branches:
Dungeon (3/15)

Altars:
Makhleb
Zin


Innate Abilities, Weirdness & Mutations

You are too large for most types of armour.
You have claws for hands.
Your metabolism is lightning-fast.
You like to eat raw meat.
You heal very quickly.
You are covered in fur (AC +1).
You have very tough skin (AC +2).


Message History

The gnoll hits you but does no damage. x2; The gnoll barely misses you.
You closely miss the gnoll. You block the gnoll's attack.
The gnoll closely misses you. You block the gnoll's attack.
The gnoll hits you but does no damage.
The gnoll hits you from afar with a spear.
You barely miss the gnoll.
The gnoll hits you from afar with a halberd of distortion.
Space warps horribly around you! The gnoll hits you but does no damage.
The gnoll hits you from afar with a spear.
You hit the gnoll but do no damage. The gnoll hits you.
* * * LOW HITPOINT WARNING * * *
The gnoll hits you but does no damage. The gnoll barely misses you.
The gnoll hits you.
* * * LOW HITPOINT WARNING * * *
Drink which item? (? for menu, Esc to quit)
It was a potion of brilliance.
You feel clever all of a sudden. The gnoll barely misses you.
The gnoll hits you but does no damage. Space warps horribly around you!
You die...

# ##############.##
#(..@gg.(........
#.####g.......)..
..................
#......#..#<##.....
...........#.#
..... .#
.......#.#.# ....
.......#.#.# ##.
#......#.#.#
##..... .#.#


You could see 3 gnolls.

Vanquished Creatures
  A howler monkey (D:3)
  Terence (D:2)
  6 gnolls
  3 adders
  2 worms (D:2)
  A dart slug (D:2)
  3 giant geckos
  3 orcs (D:1)
  A giant cockroach (D:1)
  7 goblins
  7 hobgoblins
  11 jackals
  2 quokkas
  4 bats
  2 giant newts
  6 kobolds
  3 rats (D:1)
  A plant (D:1)
64 creatures vanquished.

Notes
Turn   | Place    | Note
--------------------------------------------------------------
     0 | D:1      | mkm the Troll Fighter began the quest for the Orb.
     0 | D:1      | Reached XP level 1. HP: 22/22 MP: 0/0
   167 | D:1      | Reached XP level 2. HP: 29/29 MP: 1/1
   480 | D:1      | Reached XP level 3. HP: 29/36 MP: 2/2
  1373 | D:2      | Found a burning altar of Makhleb.
  1373 | D:2      | Noticed a balrug
  1603 | D:2      | Noticed Terence
  1613 | D:2      | Killed Terence
  1613 | D:2      | Reached XP level 4. HP: 29/44 MP: 3/3
  1643 | D:2      | Found a burning altar of Makhleb.
  1647 | D:2      | Found a glowing silver altar of Zin.
  1648 | D:2      | Noticed an angel
  1648 | D:2      | Noticed a cacodemon
  2197 | D:2      | Noticed a ynoxinul
  2197 | D:2      | Noticed a neqoxec
  2201 | D:2      | Became a worshipper of Makhleb the Destroyer
  2242 | D:3      | Reached XP level 5. HP: 49/50 MP: 4/4
  2315 | D:3      | HP: 1/52 [gnoll/spear (5)]
  2444 | D:3      | Mangled by a gnoll

Skill      XL: |  1  2  3 |
---------------+----------+-----
Dodging        | 3 |  3.9
Axes           | 2 |  2.3
Shields        | 3 |  3.5
Fighting       | |  2.8
Stealth        | |  0.3

Action                   |  1- 3 |  4- 6 || total
-------------------------+-------+-------++-------
Melee: War axe           |   168 |   115 ||   283
  Use: Scroll            |       |     3 ||     3
       Potion            |       |     6 ||     6
  Eat: Chunk             |    21 |     8 ||    29
Armor: Robe              |    70 |    59 ||   129
Dodge: Dodged            |    70 |    69 ||   139
Block: Shield            |    80 |   101 ||   181
